AoeStats
← DKing

Arena

509308164Analyzed
4v4 RM · 6d ago on Sep 26, 2026· 37m 3s· 8 players
Game mode
Random Map
Map size
Large (8 player)
Population
200
Speed
Normal
Resources
Standard
Victory
Conquest
Starting age
Dark Age
Ending age
Imperial Age
RankedLock teamsTeams togetherTeam positionsShared explorationLock speedFull tech treeHidden civsTurbo modeCheats
Victory
Defeat
🇫🇷 Magyars · France
1278
+13
🇨🇳 Saracens · China
1240
+14
🇻🇳 Saxons · Vietnam
1221
+15
🇨🇱 Celts · Chile
1188
+16
🇵🇹 Goths · Portugal
1280
-17
🇲🇽 Franks · Mexico
1180
-14
🇹🇼 Saxons · Taiwan
1174
-14
🇪🇸 Varangians · Spain
1160
-13
[K]iro#
6:52 Loom
9:46 Feudal Age
9:34 Loom
13:46 Castle Age
12:03 Double-Bit Axe
14:59 Bow Saw
14:52 Horse Collar
19:42 Sanctity
20:34 Padded Archer Armor
21:10 Wheelbarrow
22:46 Forging
24:18 Heavy Plow
26:22 Hand Cart
27:30 Squires
31:16 Imperial Age
28:13 Man-at-Arms
28:38 Gambesons
28:55 Town Watch
29:02 Stone Mining
29:02 Gold Mining
29:03 Stone Mining
29:09 Gambesons
29:00 Long Swordsman
30:04 Scale Mail Armor
29:55 Arson
29:57 Pikeman
31:39 Fletching
32:05 Chain Mail Armor
33:00 Illumination
33:10 Theocracy
33:00 Illumination
32:50 Block Printing
33:13 Iron Casting
31:58 Two-Handed Swordsman
33:02 Conscription
32:09 Capped Ram
32:30 Shield Wall
33:59 Champion
37:17 Plate Mail Armor
laofengzi
7:10 Loom
10:39 Feudal Age
14:42 Castle Age
12:33 Double-Bit Axe
13:49 Horse Collar
24:36 Wheelbarrow
24:34 Bow Saw
24:44 Stone Mining
29:47 Imperial Age
27:59 Heavy Plow
29:21 Forging
29:17 Scale Barding Armor
29:26 Bloodlines
29:17 Husbandry
30:45 Hand Cart
30:58 Conscription
30:02 Elite Mameluke
31:20 Chain Barding Armor
31:36 Iron Casting
31:21 Gold Mining
31:35 Town Watch
32:05 Masonry
32:45 Gold Shaft Mining
32:55 Ballistics
33:04 Light Cavalry
35:25 Blast Furnace
36:31 Plate Barding Armor
Komposita
11:50 Feudal Age
15:56 Castle Age
14:16 Double-Bit Axe
14:15 Horse Collar
16:03 Gold Mining
23:02 Ballistics
26:03 Loom
30:13 Fortified Wall
30:19 Fletching
31:04 Bodkin Arrow
33:16 Stronghold
34:12 Scale Mail Armor
35:53 Forging
36:41 Bow Saw
tc-Hawx
10:29 Feudal Age
14:01 Castle Age
11:51 Horse Collar
12:54 Double-Bit Axe
15:04 Bow Saw
14:57 Heavy Plow
21:56 Wheelbarrow
22:56 Hand Cart
23:02 Gold Mining
23:34 Bloodlines
23:27 Husbandry
24:44 Stone Mining
28:40 Imperial Age
25:57 Loom
27:10 Gold Shaft Mining
26:39 Fletching
27:28 Bodkin Arrow
27:54 Ballistics
28:57 Padded Archer Armor
29:52 Thumb Ring
30:39 Parthian Tactics
30:57 Bracer
31:40 Heavy Cavalry Archer
34:13 Chemistry
33:36 Siege Engineers
34:24 Leather Archer Armor
35:07 Masonry
36:31 Two-Man Saw
36:04 Crop Rotation
35:31 Town Watch
36:59 Murder Holes
38:01 Ring Archer Armor
angelusgarcia
10:01 Feudal Age
15:24 Castle Age
14:09 Double-Bit Axe
15:27 Loom
15:51 Gold Mining
19:54 Husbandry
22:36 Wheelbarrow
22:57 Stone Mining
24:11 Forging
24:06 Scale Barding Armor
25:16 Scale Barding Armor
24:55 Light Cavalry
27:18 Chain Barding Armor
29:33 Iron Casting
30:45 Hand Cart
34:08 Imperial Age
32:38 Bow Saw
33:09 Gold Shaft Mining
34:12 Cavalier
36:01 Blast Furnace
36:37 Plate Barding Armor
36:22 Paladin
Note1984
11:25 Feudal Age
15:20 Castle Age
13:06 Double-Bit Axe
14:37 Horse Collar
16:15 Heavy Plow
16:27 Bow Saw
17:37 Fervor
17:23 Gold Mining
21:24 Stone Mining
22:53 Wheelbarrow
22:04 Loom
22:05 Town Watch
24:34 Hand Cart
26:17 Stone Shaft Mining
26:00 Scale Barding Armor
31:12 Imperial Age
29:01 Forging
29:31 Bloodlines
29:21 Husbandry
31:28 Chain Barding Armor
31:43 Iron Casting
30:59 Fletching
31:51 Town Patrol
32:24 Conscription
31:25 Vendel Legacy
33:28 Plate Barding Armor
32:47 Elite Jarl
35:00 Blast Furnace
34:44 Crop Rotation
35:41 Two-Man Saw
DKing
10:47 Feudal Age
14:35 Castle Age
12:44 Double-Bit Axe
13:01 Horse Collar
16:19 Bow Saw
19:10 Loom
20:19 Heavy Plow
21:32 Squires
22:13 Scale Mail Armor
24:51 Town Watch
25:42 Wheelbarrow
26:00 Fletching
25:51 Pikeman
26:55 Forging
29:06 Hand Cart
32:21 Imperial Age
29:51 Gold Mining
29:53 Man-at-Arms
31:22 Chain Mail Armor
31:45 Long Swordsman
33:28 Conscription
32:48 Two-Handed Swordsman
33:33 Champion
34:30 Anarchy
34:49 Halberdier
saintOAO
5:10 Loom
5:15 Loom
10:53 Feudal Age
12:09 Loom
14:57 Castle Age
13:25 Double-Bit Axe
14:23 Horse Collar
17:15 Bow Saw
17:12 Gold Mining
20:50 Crossbowman
22:10 Fletching
24:08 Scale Mail Armor
24:19 Forging
28:23 Squires
29:18 Chain Mail Armor
29:39 Iron Casting
31:37 Bodkin Arrow
31:52 Elite Skirmisher
32:40 Thumb Ring
33:37 Padded Archer Armor
36:18 Imperial Age
35:29 Leather Archer Armor
36:54 Wheelbarrow
36:54 Ballistics
37:33 Bracer
Connection lost

Rejoining the realm…

Still unreachable

The connection could not be restored.

Session expired

The server has moved on; the page needs a fresh start.